 Dungeon Sprint DCSS version 0.30-a0-722-g3e6e8c874d (webtiles) character file.

Game seed: 8400020968775300663

1563 BigDaddyOpFi the Tengu Catastrophe (level 8, -8/55 HPs)
             Began as a Tengu Fighter on Jan 27, 2023.
             Was an Elder of Qazlal.
             Killed from afar by a deep elf zephyrmancer (31 damage)
             ... with a bolt of lightning
             ... in the Dungeon (Sprint VII: "The Pits").
             The game lasted 00:01:55 (1239 turns).

BigDaddyOpFi the Tengu Catastrophe (Tengu Fighter)  Turns: 1239, Time: 00:01:56

Health: -8/55      AC: 18    Str: 18    XL:     8   Next: 89%
Magic:  8/16       EV: 10    Int:  8    God:    Qazlal [****..]
Gold:   0          SH: 12    Dex: 18    Spells: 7/7 levels left

rFire   + . .      SeeInvis .    o - +1 broad axe (heavy)
rCold   . . .      Faith    .    c - +0 buckler
rNeg    . . .      Spirit   .    p - +3 plate armour
rPois   .          Reflect  .    (helmet restricted)
rElec   .          Harm     .    q - +0 cloak
rCorr   .          Rampage  .    (no gloves)
Will    .....      NoTele   +    (boots unavailable) Stlth
                                 (no amulet)
HPRegen 0.29/turn                d - +3 ring of dexterity
MPRegen 0.15/turn                m - +3 ring of evasion

@: protected from fire, flying quickly and evasively, repel missiles, quick
A: beak, talons 3, nimble flight, mutation resistance 1, MP-powered wands
a: Renounce Religion, Upheaval, Elemental Force


You were in the Dungeon.
You worshipped Qazlal.
Qazlal was greatly pleased with you.
You visited 1 branch

Inventory:

Hand Weapons
 o - a +1 heavy broad axe (weapon)
Armour
 c - a +0 buckler (worn)
 p - a +3 plate armour (worn)
 q - a +0 cloak (worn)
Jewellery
 d - a +3 ring of dexterity (left hand)
 m - a +3 ring of evasion (right hand)
Wands
 b - a wand of light (8) (quivered)
Scrolls
 j - a scroll of blinking
Potions
 a - a potion of mutation
 e - 7 potions of curing
 f - 11 potions of heal wounds
 g - 2 potions of haste
 h - 4 potions of magic
 i - 3 potions of berserk rage
 k - 2 potions of invisibility
 n - a potion of might


   Skills:
 + Level 8.5 Fighting
 + Level 9.0 Axes
 + Level 9.4 Armour
 + Level 8.4 Shields
 * Level 10.3 Invocations


You had 7 spell levels left.
You didn't know any spells.
Your spell library was empty.

Dungeon Overview and Level Annotations

Branches:
Dungeon (1/1)

Altars:
Ashenzari
Cheibriados
Dithmenos
Elyvilon
Fedhas
Gozag
Hepliaklqana
Kikubaaqudgha
Makhleb
Nemelex Xobeh
Okawaru
Qazlal
Ru
Sif Muna
Trog
Uskayaw
Vehumet
Wu Jian
Xom
Yredelemnul
Zin
The Shining One
Jiyva
Lugonu


Innate Abilities, Weirdness & Mutations

You have a beak for a mouth.
You have claws for feet.
Your magical nature lets you fly swiftly and evasively.
You are somewhat resistant to further mutation.
You expend magic power (3 MP) to strengthen your wands.


Message History

You feel genetically stable.
There is an open door here.
You see here a sea snake skeleton.
There is an open door here.
There is an open door here.
There is an open door here.
There is an open door here.
There is an open door here.
There is an open door to the Storerooms (Easy) here.
As you open the huge gate, it creaks loudly!
A lindwurm comes into view.
The lindwurm roars!
The lindwurm breathes flames at you. The blast of flame hits you!!
You feel protected from fire.
Ouch! That really hurt!
A deep elf zephyrmancer comes into view.
It is wielding a +0 dagger.
The deep elf zephyrmancer shouts!
There is a huge open gate to the Metal Vault (Medium) here.
The deep elf zephyrmancer casts a spell at you.
The bolt of lightning misses you.
You hear a chilling moan.
There is a huge open gate to the Metal Vault (Medium) here.
Activating: Disaster Area (6% risk of failure)
Press: ? - help, Dir - look around, f - activate Nature churns violently around you!
The blast of ice hits the deep elf zephyrmancer!!
The deep elf zephyrmancer is heavily wounded.
The deep elf zephyrmancer is flash-frozen.
You can no longer call upon nature's wrath in a wide area around you.
Okay, then.
Okay, then.
You barely miss the lindwurm. Your kick misses the lindwurm.
The deep elf zephyrmancer is no longer encased in ice.
The lindwurm breathes flames at you. The blast of flame hits you. You resist.
The deep elf zephyrmancer casts a spell at you.
The bolt of lightning hits you!!
Ouch! That really hurt!
You die...

__...###########++######
####'##................#
)))'.##......#..#...≈..#
####.##................+
......'.............≈..+
#'#####......#..#......#
.)#..##........○.§.....#
..'..#####'#####'§#####
###+###.......##@k#
.....##.......##.○§.....
.....##.......##..☼.....
#'#####...<...##..#####.
)))[.##.......##e.+
)))[.##.......##..#
#######.......##..#
..#.. ##########..#
..#.###########


You could see a lindwurm (catching breath) and a deep elf zephyrmancer.

Vanquished Creatures
  A sea snake (D)
  A deep elf pyromancer (D)
  Grinder (D)
  A floating eye (D)
  A wolf (D)
  A scorpion (D)
  2 hounds (D)
  An iron imp (D)
  A jelly (D)
  An iguana (D)
  A mummy (D)
  A gnoll (D)
  3 adders (D)
  A worm (D)
  2 goblins (D)
  A hobgoblin (D)
  6 jackals (D)
  A ball python skeleton (D)
27 creatures vanquished.

Vanquished Creatures (others)
  A frilled lizard (D)
1 creature vanquished.

Grand Total: 28 creatures vanquished

Notes
Turn   | Place    | Note
-------+----------+-------------------------------------------
     0 | D        | BigDaddyOpFi the Tengu Fighter began the quest for the Orb.
     0 | D        | Reached XP level 1. HP: 14/14 MP: 2/2
    27 | D        | Found a bloodstained altar of Trog.
    27 | D        | Found a shimmering blue altar of Sif Muna.
    27 | D        | Found a viscous altar of Jiyva.
    27 | D        | Found a hazy altar of Hepliaklqana.
    27 | D        | Found an opulent altar of Gozag.
    28 | D        | Found a glowing golden altar of the Shining One.
    28 | D        | Found a glowing silver altar of Zin.
    28 | D        | Found a basalt altar of Yredelemnul.
    28 | D        | Found a shimmering altar of Xom.
    28 | D        | Found an ornate altar of the Wu Jian Council.
    28 | D        | Found a sacrificial altar of Ru.
    28 | D        | Found a stormy altar of Qazlal.
    28 | D        | Found an iron altar of Okawaru.
    28 | D        | Found a sparkling altar of Nemelex Xobeh.
    28 | D        | Found a burning altar of Makhleb.
    28 | D        | Found a blossoming altar of Fedhas.
    28 | D        | Found a white marble altar of Elyvilon.
    28 | D        | Found a shadowy altar of Dithmenos.
    28 | D        | Found a snail-covered altar of Cheibriados.
    29 | D        | Found a radiant altar of Vehumet.
    29 | D        | Found a corrupted altar of Lugonu.
    30 | D        | Found an ancient bone altar of Kikubaaqudgha.
    30 | D        | Found a hide-covered altar of Uskayaw.
    30 | D        | Found a broken altar of Ashenzari.
    33 | D        | Became a worshipper of Qazlal Stormbringer
    61 | D        | Reached XP level 2. HP: 19/19 MP: 3/3
    63 | D        | Noticed a floating eye
    65 | D        | Killed a floating eye
    66 | D        | Reached skill level 5 in Armour
    66 | D        | Reached skill level 4 in Invocations
    66 | D        | Reached XP level 3. HP: 25/25 MP: 3/7
    66 | D        | Reached XP level 4. HP: 30/30 MP: 3/8
    69 | D        | Reached * piety under Qazlal
   249 | D        | Noticed a scorpion
   255 | D        | Killed a scorpion
   256 | D        | Reached skill level 5 in Fighting
   256 | D        | Reached skill level 5 in Axes
   256 | D        | Reached skill level 5 in Shields
   256 | D        | Reached skill level 5 in Invocations
   256 | D        | Gained mutation: Your magical nature lets you fly swiftly
                  | and evasively. [Tengu growth]
   256 | D        | Reached XP level 5. HP: 24/35 MP: 9/9
   530 | D        | Reached ** piety under Qazlal
   589 | D        | Noticed Grinder
   597 | D        | Reached XP level 6. HP: 41/41 MP: 11/11
   597 | D        | Paralysed by Grinder for 2 turns
   603 | D        | Paralysed by Grinder for 2 turns
   604 | D        | Reached *** piety under Qazlal
   605 | D        | Reached skill level 6 in Invocations
   609 | D        | Paralysed by Grinder for 5 turns
   617 | D        | Paralysed by Grinder for 2 turns
   620 | D        | Killed Grinder
   620 | D        | Reached **** piety under Qazlal
   621 | D        | Reached skill level 7 in Invocations
   621 | D        | Reached XP level 7. HP: 32/47 MP: 11/13
   708 | D        | Reached skill level 8 in Invocations
   709 | D        | Reached ***** piety under Qazlal
   843 | D        | Noticed a sea snake
   843 | D        | Noticed a deep elf pyromancer
   844 | D        | Killed a sea snake
   844 | D        | Killed a deep elf pyromancer
   845 | D        | Reached skill level 10 in Invocations
   845 | D        | Reached XP level 8. HP: 55/55 MP: 6/16
  1188 | D        | Gained mutation: You expend magic power (3 MP) to
                  | strengthen your wands. [potion of mutation]
  1188 | D        | Gained mutation: You are somewhat resistant to further
                  | mutation. [potion of mutation]
  1235 | D        | Noticed a lindwurm
  1236 | D        | Noticed a deep elf zephyrmancer
  1239 | D        | Killed from afar by a deep elf zephyrmancer

Illustrated notes

Levels and vault maps discovered:
D:        pitsprint [storerooms_1, entrance_room_1, metal_vault_8, armoury_3,
          mini_pit_1, grid_room_1, main_hall_1, silver_pit, the_coven_3,
          the_vestibule_1, steel_vault_4, golden_pit, hallway_of_sentries,
          crystal_vault_4, iron_vault_1, final_vault]

Skill      XL: |  1  2  3  4  5  6  7 |
---------------+----------------------+-----
Fighting       | 4 5 6 8 |  8.5
Axes           | 4 5 7 9 |  9.0
Armour         | 5 6 7 9 |  9.4
Shields        | 4 5 6 8 |  8.4
Invocations    | 4 5 7 10 | 10.3

Action                     |  1- 3 |  4- 6 |  7- 9 || total
---------------------------+-------+-------+-------++-------
  Melee: War axe           |    14 |    30 |    17 ||    61
         Kick              |     3 |     8 |     5 ||    16
         Peck              |     2 |     4 |     4 ||    10
         Broad axe         |       |       |     1 ||     1
 Invoke: Disaster Area     |       |       |     2 ||     2
    Use: Potion            |       |     2 |     1 ||     3
 Armour: Scale mail        |     9 |     8 |       ||    17
         Chain mail        |       |     9 |     2 ||    11
  Dodge: Dodged            |     5 |    20 |     5 ||    30
  Block: Buckler           |     6 |    12 |    11 ||    29

Table legend: (Time is in decaauts)
 A = Elapsed time spent in this place.
 B = Non-inter-level travel time spent in this place.
 C = Inter-level travel time spent in this place.
 D = Time resting spent in this place.
 E = Time spent auto-exploring this place.
 F = Levels seen in this place.
 G = Mean time per level.
                   A        B        C        D        E       F      G
               +--------+--------+--------+--------+--------+-----+--------+
         Total |   1239 |   1186 |     53 |    896 |      0 |   1 | 1239.0 |
       Dungeon |   1239 |   1186 |     53 |    896 |      0 |   1 | 1239.0 |
               +--------+--------+--------+--------+--------+-----+--------+

Top non-repeatable levels by time:
       D: 1239 daAuts
